[Event "Titled Tuesday Blitz March 08 Early 2022"]
[White "Korkmaz, Necmettin"]
[Black "Johnson, Ben"]
[WhiteFideId "6303285"]
[BlackFideId "2010917"]
[WhiteElo "2094"]
[BlackElo "2232"]
[Result "1-0"]
[Round "11"]
[TimeControl "180+1"]
[Date "2022.03.09"]
[WhiteClock "0:00:02"]
[BlackClock "0:00:01"]

1. d4 Nf6 2. c4 e6 3. Nf3 d5 4. g3 dxc4 5. Bg2 c5 6. O-O Nc6 7. Na3 cxd4 8. Nxc4 Be7 9. Bf4 O-O 10. Nfe5 Nxe5 11. Bxe5 d3 12. exd3 Nd5 13. b3 Bf6 14. Rc1 Bxe5 15. Nxe5 Qd6 16. d4 Bd7 17. Re1 Rac8 18. Nc4 Qa6 19. Qd2 Nf6 20. Ne5 Bb5 21. d5 exd5 22. Bxd5 Nxd5 23. Qxd5 Bc6 24. Nxc6 bxc6 25. Qd2 Rcd8 26. Qe2 Qa5 27. Rxc6 Rd2 28. Qe7 g6 29. a4 Qd5 30. Rc3 Qd4 31. Rce3 a5 32. Qe5 Qb6 33. Qb5 Qd8 34. Re8 Qd4 35. Rxf8+ Kxf8 36. Qe8+ Kg7 37. Qe5+ Qxe5 38. Rxe5 Rb2 39. Rb5 Rb1+ 40. Kg2 Rb2 41. h4 Kf6 42. Kf3 h5 43. Ke3 Ke6 44. f3 Kd6 45. Kf4 f6 46. g4 hxg4 47. fxg4 Rh2 48. Kg3 Rb2 49. h5 gxh5 50. gxh5 Ke6 51. Kg4 Kf7 52. Rb7+ Ke6 53. h6 Rg2+ 54. Kf3 Rh2 55. h7 Kf5 56. Rg7 Rh3+ 57. Ke2 Ke4 58. Kf2 f5 59. Kg2 Rh4 60. Ra7 Rh5 61. Kg3 Rh1 62. Kf2 Rh2+ 63. Kg1 Rh5 64. Rxa5 Rxh7 65. Ra7 1-0


[Site "https://www.chess.com"]

[Event "Titled Tuesday Blitz March 08 Early 2022"]
[White "Kosakowski, Jakub"]
[Black "Kanyamarala, Tarun"]
[WhiteFideId "1185080"]
[BlackFideId "45004714"]
[WhiteElo "2476"]
[BlackElo "2075"]
[Result "1-0"]
[Round "11"]
[TimeControl "180+1"]
[Date "2022.03.09"]
[WhiteClock "0:00:43"]
[BlackClock "0:00:24"]

1. d4 d5 2. c4 Nc6 3. cxd5 Qxd5 4. e3 e5 5. Nc3 Bb4 6. a3 Bxc3+ 7. bxc3 Nf6 8. c4 Qd6 9. d5 Ne7 10. a4 c5 11. Ne2 O-O 12. Nc3 Ne8 13. Be2 Qd8 14. O-O Nd6 15. a5 f5 16. Bb2 Ng6 17. f4 Qe7 18. Qd2 Bd7 19. Bh5 Nh8 20. Be2 Nhf7 21. Bd3 Rae8 22. Ba3 exf4 23. exf4 Qe3+ 24. Qxe3 Rxe3 25. Rf3 Rfe8 26. Bxc5 Rxf3 27. gxf3 Rc8 28. Bxa7 Nxc4 29. Na4 Bxa4 30. Rxa4 Nb2 31. Ra3 Nxd3 32. Rxd3 Nd6 33. Bd4 Rc4 34. Be5 Nf7 35. d6 Nd8 36. d7 Kf7 37. Bd4 Ke7 38. Bb6 Rxf4 39. Re3+ Kxd7 40. Rd3+ Kc6 41. Bxd8 Rc4 42. Bb6 Rc2 43. Rd8 Kb5 44. Rd5+ Kc4 45. Rxf5 Kd3 46. Rd5+ Ke2 47. Kg2 Ra2 48. Rd7 g5 49. Rxb7 h5 50. Rg7 Ke1+ 51. Kg3 h4+ 52. Kh3 Ra3 53. Rxg5 Rxf3+ 54. Kxh4 Ra3 55. Kg4 1-0


[Site "https://www.chess.com"]

[Event "Titled Tuesday Blitz March 08 Early 2022"]
[White "Kosteniuk, Alexandra"]
[Black "Bodnaruk, Anastasia"]
[WhiteFideId "4128125"]
[BlackFideId "4181751"]
[WhiteElo "2469"]
[BlackElo "2393"]
[Result "1-0"]
[Round "11"]
[TimeControl "180+1"]
[Date "2022.03.08"]
[WhiteClock "0:00:58"]
[BlackClock "0:00:02"]

1. e4 c5 2. Nf3 d6 3. Bb5+ Bd7 4. Bxd7+ Qxd7 5. d4 cxd4 6. Qxd4 Nc6 7. Qe3 Nf6 8. O-O e5 9. c4 Be7 10. Nc3 O-O 11. Rd1 Qc7 12. b3 a6 13. a4 Nb4 14. Qe2 Nc6 15. Ba3 Rfd8 16. h3 Bf8 17. Rac1 Qa5 18. Nd5 Nxd5 19. Rxd5 Qc7 20. Qd2 Rd7 21. Rd1 Rad8 22. c5 Qa5 23. cxd6 Qxd2 24. R1xd2 f6 25. b4 Rxd6 26. b5 Rxd5 27. exd5 Bxa3 28. dxc6 Rxd2 29. Nxd2 bxc6 30. bxa6 Bc5 31. Nc4 Kf7 32. Na5 Ke6 33. Nxc6 Kd7 34. a7 1-0


[Site "https://www.chess.com"]

[Event "Titled Tuesday Blitz March 08 Early 2022"]
[White "Kouskoutis, Georgios-Alexandros"]
[Black "Brunner, Nicolas"]
[WhiteFideId "4234049"]
[BlackFideId "620246"]
[WhiteElo "2130"]
[BlackElo "2372"]
[Result "1-0"]
[Round "11"]
[TimeControl "180+1"]
[Date "2022.03.09"]
[WhiteClock "0:00:02"]
[BlackClock "0:00:01"]

1. c4 c5 2. g3 g6 3. Bg2 Bg7 4. Nc3 Nc6 5. e4 e5 6. Nge2 Nge7 7. O-O d6 8. Rb1 O-O 9. h3 a6 10. a3 Rb8 11. b4 cxb4 12. axb4 b5 13. cxb5 axb5 14. Kh2 Be6 15. Nd5 f5 16. d3 h6 17. Nxe7+ Nxe7 18. exf5 Nxf5 19. d4 exd4 20. Re1 Bc4 21. Bb2 Qb6 22. Nf4 Kh7 23. Ne6 Bxe6 24. Rxe6 Rbe8 25. Rxe8 Rxe8 26. Qd3 Rf8 27. h4 h5 28. Be4 Be5 29. Kg2 Kg7 30. Rc1 Qb8 31. Bxf5 Rxf5 32. f4 Bf6 33. Bxd4 Qb7+ 34. Kh2 Qd5 35. Bxf6+ Kxf6 36. Qc3+ Kf7 37. Re1 Qc4 38. Qe3 Kg8 39. Qe8+ Kg7 40. Re7+ Rf7 41. Rxf7+ Qxf7 42. Qxb5 Qa2+ 43. Kh3 Qe6+ 44. Kg2 Qa2+ 45. Kf3 Qb3+ 46. Kf2 Qa2+ 47. Qe2 Qb3 48. Qe7+ Kh6 49. Qf8+ Kh7 50. Qxd6 Qb2+ 51. Ke3 Qb3+ 52. Kd4 Qxg3 53. b5 1-0


[Site "https://www.chess.com"]

[Event "Titled Tuesday Blitz March 08 Early 2022"]
[White "Kovanova, Baira"]
[Black "Mikhalsky, Vladimir"]
[WhiteFideId "4164083"]
[BlackFideId "14144352"]
[WhiteElo "2190"]
[BlackElo "2301"]
[Result "0-1"]
[Round "11"]
[TimeControl "180+1"]
[Date "2022.03.09"]
[WhiteClock "0:00:09"]
[BlackClock "0:00:41"]

1. e4 g6 2. d4 Bg7 3. Nf3 d6 4. Bd3 a6 5. O-O b5 6. c3 Bb7 7. Re1 c5 8. Be3 Nd7 9. h3 Ngf6 10. Nbd2 O-O 11. Bf4 Nh5 12. Bh2 e5 13. a4 c4 14. Bc2 Nf4 15. Nf1 Nb6 16. a5 Nd7 17. Ne3 h5 18. h4 Re8 19. dxe5 dxe5 20. Ng5 Nc5 21. Qf3 f6 22. Red1 Nfd3 23. b4 fxg5 24. bxc5 g4 25. Qg3 Bxe4 26. f3 gxf3 27. gxf3 Bf5 28. Nxf5 gxf5 29. Qg6 Qxh4 30. Bg3 Qf6 31. Qxh5 e4 32. fxe4 fxe4 33. Rf1 Qe6 34. Bxd3 cxd3 35. Rae1 e3 36. Rf3 d2 37. Rb1 e2 0-1


[Site "https://www.chess.com"]

[Event "Titled Tuesday Blitz March 08 Early 2022"]
[White "Kuderinov, Kirill"]
[Black "Brodowski, Piotr"]
[WhiteFideId "13701568"]
[BlackFideId "1124480"]
[WhiteElo "2432"]
[BlackElo "2422"]
[Result "1-0"]
[Round "11"]
[TimeControl "180+1"]
[Date "2022.03.09"]
[WhiteClock "0:00:43"]
[BlackClock "0:00:01"]

1. e4 c5 2. Nf3 f5 3. exf5 d5 4. d4 Bxf5 5. Nc3 Nf6 6. Bb5+ Nc6 7. O-O a6 8. Bxc6+ bxc6 9. Re1 e6 10. Nh4 Kf7 11. Nxf5 exf5 12. Qf3 cxd4 13. Ne2 c5 14. Qxf5 Bd6 15. Bg5 Qd7 16. Qf3 Qg4 17. Qxg4 Nxg4 18. Bf4 Rad8 19. Bxd6 Rxd6 20. h3 Nf6 21. b4 cxb4 22. Nxd4 Rc8 23. a3 Rc4 24. Nf5 Rdc6 25. axb4 Rxb4 26. Re7+ Kg6 27. g4 1-0


[Site "https://www.chess.com"]

[Event "Titled Tuesday Blitz March 08 Early 2022"]
[White "Kuzmin, Roman"]
[Black "Bintang, Rasyid A. Hidayat"]
[WhiteFideId "44134932"]
[BlackFideId "7105355"]
[WhiteElo "1978"]
[BlackElo "2362"]
[Result "0-1"]
[Round "11"]
[TimeControl "180+1"]
[Date "2022.03.09"]
[WhiteClock "0:00:12"]
[BlackClock "0:00:19"]

1. e4 d5 2. exd5 Nf6 3. Bb5+ Bd7 4. Be2 Nxd5 5. d4 Bf5 6. c4 Nb6 7. Nc3 e5 8. dxe5 Qxd1+ 9. Nxd1 Nc6 10. Nf3 Bb4+ 11. Kf1 O-O-O 12. a3 Be7 13. Be3 Bd3 14. Rc1 Rhe8 15. Bxd3 Rxd3 16. Ke2 Red8 17. Re1 Na5 18. Bxb6 axb6 19. Ne3 Nb3 20. Rc2 R3d7 21. Rd1 Bc5 22. Rxd7 Rxd7 23. Nf5 g6 24. Rc3 Nd4+ 25. N5xd4 Bxd4 26. Nxd4 Rxd4 27. b3 g5 28. f3 Rh4 29. h3 h5 30. Rd3 g4 31. Rd4 gxf3+ 32. Ke3 Rxd4 33. Kxd4 fxg2 0-1


[Site "https://www.chess.com"]

[Event "Titled Tuesday Blitz March 08 Early 2022"]
[White "Lauridsen, Jesper Morch"]
[Black "Gombocz, Ferenc Jr."]
[WhiteFideId "1401890"]
[BlackFideId "775029"]
[WhiteElo "2260"]
[BlackElo "1913"]
[Result "0-1"]
[Round "11"]
[TimeControl "180+1"]
[Date "2022.03.09"]
[WhiteClock "0:00:04"]
[BlackClock "0:00:04"]

1. e4 e5 2. d4 exd4 3. Qxd4 Nc6 4. Qe3 Nf6 5. Nc3 Bb4 6. Bd2 O-O 7. O-O-O Re8 8. Qg3 Nxe4 9. Nxe4 Rxe4 10. c3 Bd6 11. f4 Qf6 12. Nh3 Bc5 13. Bd3 Re8 14. Rhe1 Rf8 15. Ng5 g6 16. Ne4 Qe7 17. f5 Bd6 18. f6 Qxe4 19. Qh3 Qf4 20. Bxf4 Bxf4+ 21. Kb1 d5 22. g4 Ne5 23. Rxe5 Bxe5 24. Rf1 Kh8 25. Rf3 Rg8 26. Qh4 h5 27. Qg5 Kh7 28. Qxe5 Bxg4 29. Rg3 Rae8 30. Qg5 Re1+ 31. Kc2 Bd1+ 32. Kd2 Rf1 33. Rh3 Re8 34. Rxh5+ Bxh5 35. Qxh5+ Kg8 36. Bxg6 Rf2+ 37. Kd3 Rxf6 38. Qh7+ Kf8 39. Qh6+ Ke7 40. Qg5 fxg6 41. Qe5+ Kf7 42. Qxc7+ Re7 43. Qc5 Rf3+ 44. Kc2 Re2+ 45. Kb3 Rff2 46. Qxd5+ Kf6 47. Qxb7 Rxb2+ 48. Kc4 Rxb7 0-1


[Site "https://www.chess.com"]

[Event "Titled Tuesday Blitz March 08 Early 2022"]
[White "Lazavik, Denis"]
[Black "Jobava, Baadur"]
[WhiteFideId "13515110"]
[BlackFideId "13601520"]
[WhiteElo "2437"]
[BlackElo "2617"]
[Result "0-1"]
[Round "11"]
[TimeControl "180+1"]
[Date "2022.03.08"]
[WhiteClock "0:01:26"]
[BlackClock "0:01:33"]

1. d4 d5 2. c4 dxc4 3. Nf3 Nf6 4. e3 Bg4 5. Bxc4 e6 6. Nc3 Nc6 7. h3 Bh5 8. O-O Bd6 9. Re1 O-O 10. g4 Nxg4 11. hxg4 Bxg4 12. Be2 f5 13. d5 Rf6 14. Nd4 Bh3 15. Bh5 Rg6+ 0-1


[Site "https://www.chess.com"]

[Event "Titled Tuesday Blitz March 08 Early 2022"]
[White "Leve, Nitai"]
[Black "Agasarov, Benik"]
[WhiteFideId "2006898"]
[BlackFideId "13314823"]
[WhiteElo "2144"]
[BlackElo "2551"]
[Result "0-1"]
[Round "11"]
[TimeControl "180+1"]
[Date "2022.03.09"]
[WhiteClock "0:01:21"]
[BlackClock "0:01:14"]

1. e4 c5 2. Nf3 e6 3. d4 cxd4 4. Nxd4 Nf6 5. Nc3 Nc6 6. Nxc6 bxc6 7. e5 Nd5 8. Ne4 Qc7 9. f4 Qb6 10. c4 Bb4+ 11. Ke2 Ba6 12. Kf3 O-O 13. cxd5 cxd5 14. Ng5 f6 15. Be3 d4 16. Bxd4 Qb7+ 17. Ne4 f5 18. Bxa6 fxe4+ 19. Ke3 Qxa6 20. Rc1 Qxa2 21. Rc7 Qd5 22. Qa4 Rab8 23. Rxd7 Qc4 24. Rd1 Bd2+ 25. Rxd2 Qxa4 26. Rxa7 Rb3+ 27. Kf2 Qb4 28. Bc3 e3+ 0-1


[Site "https://www.chess.com"]

[Event "Titled Tuesday Blitz March 08 Early 2022"]
[White "Levine, David"]
[Black "Kostiukov, Alexandr"]
[WhiteFideId "2011611"]
[BlackFideId "14108100"]
[WhiteElo "2174"]
[BlackElo "2202"]
[Result "0-1"]
[Round "11"]
[TimeControl "180+1"]
[Date "2022.03.09"]
[WhiteClock "0:00:12"]
[BlackClock "0:00:23"]

1. d4 g6 2. c4 Bg7 3. g3 d6 4. Bg2 e5 5. dxe5 dxe5 6. Qxd8+ Kxd8 7. Nf3 f6 8. Nc3 Be6 9. b3 Nd7 10. Ba3 Bf8 11. Bxf8 Nxf8 12. O-O-O+ Nd7 13. h4 h5 14. Ne4 Ke7 15. Bh3 Nh6 16. Bxe6 Kxe6 17. Rd2 Rad8 18. Rhd1 Nf7 19. Kc2 b6 20. Kc3 Ke7 21. e3 f5 22. Neg5 Nd6 23. e4 Nc5 24. Nxe5 Ndxe4+ 25. Nxe4 Nxe4+ 26. Kc2 Rxd2+ 27. Rxd2 Kf6 28. Nd7+ Ke6 29. Rd4 Rd8 30. f3 Rxd7 31. Rxd7 Kxd7 32. fxe4 fxe4 33. Kc3 Ke6 34. Kd4 Kf5 35. Ke3 Kg4 36. Kxe4 Kxg3 37. Kd5 Kxh4 38. Kc6 g5 39. Kxc7 g4 40. b4 g3 41. c5 g2 42. c6 g1=Q 43. Kb7 Qc1 44. b5 Kg5 45. Kxa7 h4 46. Kxb6 h3 47. c7 h2 48. Kb7 h1=Q+ 0-1


[Site "https://www.chess.com"]

[Event "Titled Tuesday Blitz March 08 Early 2022"]
[White "Ljukin, Sergei"]
[Black "Shuvalova, Polina"]
[WhiteFideId "14102200"]
[BlackFideId "24171760"]
[WhiteElo "2312"]
[BlackElo "2355"]
[Result "1-0"]
[Round "11"]
[TimeControl "180+1"]
[Date "2022.03.09"]
[WhiteClock "0:01:23"]
[BlackClock "0:01:26"]

1. e4 c5 2. Nf3 d6 3. d4 cxd4 4. Nxd4 Nf6 5. Nc3 Nc6 6. Bc4 e6 7. Be3 Be7 8. Qe2 Bd7 9. O-O-O Rc8 10. Bb3 Na5 11. g4 a6 12. g5 Ng8 13. f4 b5 14. Kb1 Nc4 15. Bc1 Qa5 16. h4 Bd8 17. f5 Ne7 18. fxe6 fxe6 19. Rhf1 Nc6 20. Nxc6 Bxc6 21. Bxc4 bxc4 22. Rxd6 Ke7 23. Rxe6+ Kxe6 24. Qg4+ Ke7 25. Qxc8 Qc7 26. Qf5 Kd6 27. Bf4+ 1-0


[Site "https://www.chess.com"]

[Event "Titled Tuesday Blitz March 08 Early 2022"]
[White "Maevsky, Nikolay"]
[Black "Rodchenkov, Sergey D."]
[WhiteFideId "4198220"]
[BlackFideId "4168712"]
[WhiteElo "2126"]
[BlackElo "2306"]
[Result "1-0"]
[Round "11"]
[TimeControl "180+1"]
[Date "2022.03.09"]
[WhiteClock "0:00:06"]
[BlackClock "0:00:05"]

1. d4 d5 2. Nf3 Nf6 3. e3 c5 4. c3 e6 5. Nbd2 b6 6. Bd3 Bb7 7. O-O Be7 8. Re1 Ne4 9. Bb5+ Kf8 10. Nxe4 dxe4 11. Nd2 g6 12. b3 Kg7 13. dxc5 bxc5 14. Bb2 Bf6 15. Qc2 Qd5 16. Bc4 Qf5 17. Bf1 Nd7 18. Rad1 Ne5 19. Nc4 Nxc4 20. Bxc4 Rad8 21. Be2 h5 22. c4 Be5 23. Rd2 Qf6 24. Bxe5 Qxe5 25. Red1 Rxd2 26. Qxd2 h4 27. h3 Bc6 28. Qa5 Ra8 29. Bf1 Kf6 30. a3 g5 31. Rd8 Rxd8 32. Qxd8+ Kg6 33. Qg8+ Kf6 34. Qh8+ Kf5 35. Qh7+ Kf6 36. Qh6+ Ke7 37. Qh7 Qc7 38. Qg7 Kd6 39. Qxg5 Qb7 40. Qf4+ Ke7 41. Qxh4+ Kd7 42. Qf6 Qxb3 43. Qxf7+ Kd6 44. Qf8+ Kc7 45. Qe7+ Kb6 46. Qxe6 Qxa3 47. g4 Qb4 48. g5 a5 49. g6 Qc3 50. Qf7 Qe5 51. g7 Qg5+ 52. Bg2 Bd7 53. g8=Q Qxg8 54. Qxg8 a4 55. Qd5 a3 56. Qxd7 a2 57. Qa4 a1=Q+ 58. Qxa1 Kc6 59. Bxe4+ 1-0


[Site "https://www.chess.com"]

[Event "Titled Tuesday Blitz March 08 Early 2022"]
[White "Maksimovic, Bojan"]
[Black "Taichman, Ori"]
[WhiteFideId "14408120"]
[BlackFideId "2804069"]
[WhiteElo "2448"]
[BlackElo "2227"]
[Result "1-0"]
[Round "11"]
[TimeControl "180+1"]
[Date "2022.03.09"]
[WhiteClock "0:02:14"]
[BlackClock "0:02:02"]

1. Nf3 g6 2. Ng1 Bg7 3. Nf3 Nf6 4. Ng1 O-O 5. Nf3 d5 6. Ng1 e5 7. g3 c5 8. Bg2 Nc6 9. d3 Be6 10. Nd2 Qd7 11. e3 d4 12. e4 Nh5 13. Ngf3 h6 14. O-O f5 15. Nh4 Kh7 16. exf5 Bxf5 17. Nxf5 Qxf5 18. g4 Qe6 19. gxh5 Rg8 20. hxg6+ Qxg6 21. Kh1 Kh8 22. Be4 Qf7 23. Nf3 Raf8 24. Nh4 Bf6 25. Nf5 Bg5 26. Nxh6 Bxh6 27. Bxh6 Re8 28. Rg1 Ne7 29. Bg5 Nf5 30. Bxf5 Qxf5 31. Qh5+ 1-0


[Site "https://www.chess.com"]

[Event "Titled Tuesday Blitz March 08 Early 2022"]
[White "Matlakov, Maxim"]
[Black "Yuan, Qingyu"]
[WhiteFideId "4168003"]
[BlackFideId "8609772"]
[WhiteElo "2669"]
[BlackElo "2359"]
[Result "1-0"]
[Round "11"]
[TimeControl "180+1"]
[Date "2022.03.08"]
[WhiteClock "0:00:46"]
[BlackClock "0:00:03"]

1. Nf3 Nf6 2. g3 g6 3. Bg2 Bg7 4. d4 d5 5. O-O O-O 6. c3 a5 7. a4 Na6 8. Bf4 b6 9. Na3 Bb7 10. Ne5 Ne4 11. Rc1 c5 12. Nb5 f6 13. Nf3 Qd7 14. Nd2 e5 15. Nxe4 exf4 16. Ned6 fxg3 17. hxg3 Kh8 18. Nxb7 Qxb7 19. c4 Rad8 20. cxd5 f5 21. d6 Qf7 22. e3 cxd4 23. exd4 f4 24. Qf3 fxg3 25. Qxf7 Rxf7 26. fxg3 Rxf1+ 27. Rxf1 Bf8 28. Bb7 Nb4 29. d7 Kg7 30. Bc8 Nd5 31. Re1 Kf7 32. Na7 Nb4 33. Kg2 Bg7 34. d5 Bf8 35. Nc6 Nxc6 36. dxc6 Bd6 37. Ba6 Bc7 38. Bc4+ Kg7 39. Re7+ Kf6 40. Rxh7 Rf8 41. b3 Ke5 42. Re7+ Kd6 43. Re8 Rf5 44. d8=Q+ Bxd8 45. Rxd8+ Kxc6 46. Rg8 Rf6 47. Kh3 Kc5 48. Kg4 b5 49. Bxb5 Kb4 50. Bc4 g5 51. Rxg5 Rd6 52. Rb5+ Kc3 53. Rxa5 Ra6 54. Rxa6 1-0


[Site "https://www.chess.com"]

[Event "Titled Tuesday Blitz March 08 Early 2022"]
[White "Matveeva, Olga"]
[Black "Prohorov, Olexandr"]
[WhiteFideId "24107018"]
[BlackFideId "14105578"]
[WhiteElo "2083"]
[BlackElo "1993"]
[Result "1-0"]
[Round "11"]
[TimeControl "180+1"]
[Date "2022.03.09"]
[WhiteClock "0:01:03"]
[BlackClock "0:01:03"]

1. d4 Nf6 2. c4 c5 3. d5 b5 4. cxb5 a6 5. bxa6 Bxa6 6. Nc3 d6 7. Nf3 g6 8. g3 Bg7 9. Bg2 O-O 10. O-O Nbd7 11. Rb1 Qa5 12. Bd2 Rfb8 13. b3 Ng4 14. Qc2 Qc7 15. Rfe1 Nb6 16. h3 Ne5 17. Nxe5 Bxe5 18. Kh2 Nd7 19. f4 Bg7 20. e4 Re8 21. a4 Rab8 22. Ne2 Bxe2 23. Rxe2 c4 24. b4 c3 25. Be3 Qc4 26. b5 Rec8 27. b6 Nc5 28. Bxc5 Rxc5 29. e5 dxe5 30. fxe5 Ra5 31. d6 exd6 32. exd6 Rxa4 33. d7 Bf8 34. Re4 1-0


[Site "https://www.chess.com"]

[Event "Titled Tuesday Blitz March 08 Early 2022"]
[White "Mayaud, Raphael"]
[Black "Sailer, Mike"]
[WhiteFideId "627151"]
[BlackFideId "2012901"]
[WhiteElo "2191"]
[BlackElo "2109"]
[Result "1-0"]
[Round "11"]
[TimeControl "180+1"]
[Date "2022.03.09"]
[WhiteClock "0:00:04"]
[BlackClock "0:00:05"]

1. d4 d5 2. c4 Bf5 3. Nc3 e6 4. Nf3 Nc6 5. a3 Nf6 6. Bf4 Be7 7. e3 a6 8. Be2 O-O 9. O-O Ne4 10. Rc1 Nxc3 11. Rxc3 Rc8 12. cxd5 Qxd5 13. Qb3 Qxb3 14. Rxb3 Na5 15. Rc3 c5 16. dxc5 Bf6 17. Nd4 Be4 18. Bd6 Rfd8 19. Rd1 b6 20. b4 Nb7 21. Bxa6 Nxd6 22. Bxc8 Rxc8 23. Rcc1 bxc5 24. bxc5 Bxd4 25. exd4 Nb5 26. f3 Bd5 27. Rd3 Ra8 28. Rb1 Bc4 29. Re3 g6 30. Rb4 Nxa3 31. Rxa3 Rxa3 32. Rxc4 Kf8 33. Kf2 Ke7 34. Kg3 Kd7 35. h4 Kc6 36. Kf4 Kd5 37. Rc2 Ra4 38. c6 Rxd4+ 39. Ke3 Ra4 40. c7 Ra3+ 41. Kf2 Ra8 42. c8=Q Rxc8 43. Rxc8 Ke5 44. Rf8 1-0


[Site "https://www.chess.com"]

[Event "Titled Tuesday Blitz March 08 Early 2022"]
[White "Mikhnenko, Alexander"]
[Black "Goltseva, Ekaterina"]
[WhiteFideId "34143014"]
[BlackFideId "24173770"]
[WhiteElo "2184"]
[BlackElo "2140"]
[Result "0-1"]
[Round "11"]
[TimeControl "180+1"]
[Date "2022.03.09"]
[WhiteClock "0:00:03"]
[BlackClock "0:00:07"]

1. e4 e5 2. Nf3 Nc6 3. Bb5 a6 4. Ba4 Nf6 5. O-O Be7 6. d3 b5 7. Bb3 d6 8. a4 b4 9. Nbd2 O-O 10. Re1 Be6 11. Bc4 Na5 12. b3 c6 13. Bxe6 fxe6 14. Nc4 Nb7 15. Be3 c5 16. h3 Qe8 17. Nh2 Qg6 18. Ng4 Nh5 19. g3 Nd8 20. Kg2 Nc6 21. Qe2 Rf7 22. Rf1 Raf8 23. Rg1 Kh8 24. Raf1 Nf4+ 25. gxf4 exf4 26. Kh1 fxe3 27. fxe3 Qh5 28. Qg2 g6 29. Rxf7 Rxf7 30. Rf1 Nd8 31. Rxf7 Nxf7 32. Qf1 Kg7 33. e5 dxe5 34. e4 Bg5 35. Ncxe5 Nxe5 36. Nxe5 Bf6 37. Ng4 Bd4 38. Qf3 Qg5 39. e5 Qc1+ 40. Kh2 Qd2+ 41. Qg2 Qxg2+ 42. Kxg2 h5 43. Nf6 Bxe5 44. Ne4 Bd4 45. Ng5 Kf6 46. Ne4+ Ke5 47. Kf3 Kf5 48. Ng3+ Kf6 49. Ne4+ Ke5 50. a5 Kd5 51. Ng5 Bf6 52. Ne4 Be7 53. Nd2 g5 54. Nc4 Kd4 55. Ke2 g4 56. hxg4 hxg4 57. Kf1 Kc3 58. Ne3 g3 59. Kg2 Bd6 60. Nc4 Bf4 61. Kf3 Bc7 62. Ne3 Kd2 0-1


[Site "https://www.chess.com"]

[Event "Titled Tuesday Blitz March 08 Early 2022"]
[White "Mitusov, Semen"]
[Black "Lou, Yiping"]
[WhiteFideId "14151049"]
[BlackFideId "8603928"]
[WhiteElo "2265"]
[BlackElo "2412"]
[Result "0-1"]
[Round "11"]
[TimeControl "180+1"]
[Date "2022.03.08"]
[WhiteClock "0:00:02"]
[BlackClock "0:00:05"]

1. e4 e5 2. Nf3 Nc6 3. Bc4 Nf6 4. d3 Bc5 5. Nc3 O-O 6. h3 d6 7. a3 h6 8. g4 Nh7 9. Rg1 Nd4 10. Be3 c6 11. Ba2 Qf6 12. Bxd4 exd4 13. Na4 Ng5 14. Nxg5 hxg5 15. Nxc5 dxc5 16. Qd2 Be6 17. Bxe6 fxe6 18. Rg3 b5 19. Kf1 Qe5 20. Kg2 Rf6 21. Rf1 a5 22. Qc1 c4 23. Qd2 c3 24. Qc1 Raf8 25. b3 c5 26. Qe1 c4 27. bxc4 bxc4 28. dxc4 Rf4 29. Rd3 Rxe4 30. Qd1 Qc5 31. Rf3 Ref4 32. Rxf4 Rxf4 33. Qe2 e5 34. Rb1 e4 35. Rb5 Qc6 36. Rd5 Kh7 37. Kg1 Qf6 38. c5 d3 39. cxd3 exd3 40. Rxd3 Rc4 41. Qc2 Qg6 42. Qe2 c2 43. Rd1 cxd1=Q+ 44. Qxd1 Rxc5 45. Qd4 Rc1+ 46. Kh2 Rb1 47. Qe5 Rb6 48. Qe3 Qd6+ 49. Kg2 Qd5+ 50. Kh2 Rf6 51. h4 Qd6+ 52. Kg2 gxh4 53. g5 Re6 54. Qh3 Qd5+ 55. Kh2 Qe5+ 56. Kh1 Qe4+ 57. Kg1 Qe1+ 58. Kg2 Qe4+ 59. Kg1 Re5 60. a4 Rxg5+ 61. Kf1 Qc4+ 0-1


[Site "https://www.chess.com"]

[Event "Titled Tuesday Blitz March 08 Early 2022"]
[White "Mkrtchyan, Mariam"]
[Black "Kadam, Om Manish"]
[WhiteFideId "13310828"]
[BlackFideId "45076294"]
[WhiteElo "1984"]
[BlackElo "1729"]
[Result "0-1"]
[Round "11"]
[TimeControl "180+1"]
[Date "2022.03.09"]
[WhiteClock "0:00:02"]
[BlackClock "0:00:19"]

1. Nf3 Nf6 2. g3 g6 3. Bg2 Bg7 4. O-O O-O 5. c4 c6 6. d4 d5 7. cxd5 cxd5 8. Ne5 Nc6 9. Nc3 Ng4 10. Nxc6 bxc6 11. h3 Nf6 12. Na4 Nd7 13. Be3 Rb8 14. Rc1 Bb7 15. Qd2 Re8 16. b3 Rc8 17. Rc2 h5 18. Rfc1 e6 19. Bg5 Qc7 20. Bf4 Qd8 21. Bf1 Qf6 22. Be3 Ba8 23. Nc5 Nxc5 24. Rxc5 Bf8 25. R5c2 Qf5 26. Qa5 c5 27. dxc5 d4 28. Bd2 Qd5 29. f3 d3 30. Rc4 dxe2 31. Bxe2 Red8 32. Be3 Qf5 33. h4 Qh3 34. Bf2 Rd2 35. Qxd2 Bg7 36. c6 Be5 37. Rf4 Bxc6 38. Rf1 Bxf4 39. Qxf4 Bd5 40. Qe5 Rc2 41. Re1 Rxa2 42. Bf1 Qf5 43. Qxf5 gxf5 44. b4 Bxf3 45. Bg2 Bxg2 46. Kxg2 Rb2 47. Ra1 Rxb4 48. Rxa7 Kg7 49. Rd7 Kg6 50. Kf3 e5 51. Rd6+ f6 52. Rd8 Rb2 53. Kg2 Kf7 54. Rc8 e4 55. Rc7+ Ke6 56. Rc3 Kd5 57. Rc7 e3 58. Rd7+ Ke6 59. Kf3 Rxf2+ 60. Kxe3 Ra2 61. Rh7 Ra3+ 62. Kf2 Ke5 63. Rxh5 Ke4 64. Rh8 Ra2+ 65. Kf1 Kf3 66. Ke1 Kxg3 67. h5 Rh2 68. h6 f4 69. h7 Kf3 70. Rf8 Rxh7 71. Rxf6 Rh1+ 72. Kd2 Kg3 73. Rg6+ Kf2 74. Rf6 f3 75. Rf7 Rh5 76. Rf8 Rd5+ 77. Kc2 Ke2 78. Re8+ Kf1 79. Rf8 f2 80. Kc3 Kg2 81. Kc4 Rg5 82. Rf7 f1=Q+ 0-1


[Site "https://www.chess.com"]

[Event "Titled Tuesday Blitz March 08 Early 2022"]
[White "Mohammadian, Mohammad"]
[Black "Dejmek, Mark"]
[WhiteFideId "12566055"]
[BlackFideId "2017628"]
[WhiteElo "1544"]
[BlackElo "2223"]
[Result "0-1"]
[Round "11"]
[TimeControl "180+1"]
[Date "2022.03.09"]
[WhiteClock "0:00:04"]
[BlackClock "0:00:51"]

1. e4 e5 2. Nf3 Nc6 3. Bb5 a6 4. Ba4 Nf6 5. O-O Be7 6. Re1 b5 7. Bb3 d6 8. h3 Na5 9. Nc3 O-O 10. d3 c5 11. a3 Nxb3 12. cxb3 h6 13. Be3 Ne8 14. Nd5 Bb7 15. Nxe7+ Qxe7 16. Rc1 Nc7 17. Nh2 Ne6 18. Ng4 Rac8 19. Qf3 f5 20. Qe2 fxg4 21. Qxg4 Nf4 22. Rcd1 Rce8 23. g3 Bc8 24. Qh4 Qxh4 25. gxh4 Bxh3 26. Kh2 Bg4 27. Rd2 Rf6 28. Rg1 h5 29. Bxf4 Rxf4 30. Rc2 Ref8 31. Rf1 Rf3 32. b4 cxb4 33. axb4 Rh3+ 34. Kg2 Rxd3 35. Rc7 Bh3+ 36. Kh2 Bxf1 37. Kg1 Bh3 38. Rd7 Rd2 39. f3 Rxf3 0-1


[Site "https://www.chess.com"]

[Event "Titled Tuesday Blitz March 08 Early 2022"]
[White "Molina, Roberto Junio Brito"]
[Black "Odegov, Artem"]
[WhiteFideId "2109450"]
[BlackFideId "34183644"]
[WhiteElo "2432"]
[BlackElo "2286"]
[Result "1-0"]
[Round "11"]
[TimeControl "180+1"]
[Date "2022.03.08"]
[WhiteClock "0:00:56"]
[BlackClock "0:00:03"]

1. d4 Nf6 2. c4 c5 3. d5 e6 4. Nc3 exd5 5. cxd5 d6 6. e4 g6 7. Nf3 Bg7 8. Be2 O-O 9. O-O Re8 10. Nd2 Nbd7 11. Re1 Ne5 12. h3 g5 13. Nf1 h6 14. Ng3 Ng6 15. Be3 a6 16. a4 Bd7 17. Qd2 Qc8 18. Bf1 Nh4 19. Kh1 Nh7 20. f3 Be5 21. Qf2 Nf6 22. f4 Bxc3 23. bxc3 g4 24. e5 Nxd5 25. Ne4 Nf5 26. Bd2 h5 27. c4 Nb4 28. Nf6+ Kg7 29. Nxe8+ Bxe8 30. Bc3 Bc6 31. exd6+ Kg6 32. Re5 gxh3 33. Kh2 Qd8 34. Bxb4 cxb4 35. Bd3 Qd7 36. Bxf5+ Qxf5 37. Rxf5 Kxf5 38. Qc5+ 1-0


[Site "https://www.chess.com"]

[Event "Titled Tuesday Blitz March 08 Early 2022"]
[White "Morefield, Jason"]
[Black "Shuvalov, Evgenij"]
[WhiteFideId "30920825"]
[BlackFideId "4187237"]
[WhiteElo "2171"]
[BlackElo "2151"]
[Result "1-0"]
[Round "11"]
[TimeControl "180+1"]
[Date "2022.03.09"]
[WhiteClock "0:02:50"]
[BlackClock "0:01:37"]

1. d4 Nf6 2. c4 g6 3. Nc3 d5 4. Nf3 Bg7 5. Qb3 dxc4 6. Qxc4 O-O 7. e4 a6 8. Be2 b5 9. Qb3 c5 10. dxc5 Bb7 11. e5 Nfd7 12. Be3 Nc6 13. e6 Nde5 14. Nxe5 Nxe5 15. exf7+ Rxf7 16. O-O Qf8 17. a4 Nc4 18. Bxc4 bxc4 19. Qxb7 Rb8 20. Qe4 Rxb2 21. Rac1 1-0


[Site "https://www.chess.com"]